AoeStats
← leoking1M

Arabia

510016985Analyzed
1v1 RM · 2d ago on Sep 29, 2026· 30m 5s· 2 players
Game mode
Random Map
Map size
Tiny (2 player)
Population
200
Speed
Normal
Resources
Standard
Victory
Conquest
Starting age
Dark Age
Ending age
Imperial Age
RankedLock teamsTeams togetherTeam positionsShared explorationLock speedFull tech treeHidden civsTurbo modeCheats
Victory
Defeat
🇺🇸 Teutons · United States
1154
+18
🇵🇪 Mongols · Peru
1206
-18
cash50
5:30 Loom
10:19 Feudal Age
10:20 Man-at-Arms
12:51 Horse Collar
19:59 Castle Age
18:14 Gold Mining
19:05 Bloodlines
19:31 Scale Barding Armor
28:12 Chain Barding Armor
30:29 Wheelbarrow
29:52 Fletching
31:18 Wheelbarrow
leoking1M
5:24 Loom
9:13 Feudal Age
10:30 Double-Bit Axe
17:34 Fletching
28:00 Castle Age
27:23 Padded Archer Armor
27:24 Horse Collar
28:41 Crossbowman
30:24 Bodkin Arrow
Connection lost

Rejoining the realm…

Still unreachable

The connection could not be restored.

Session expired

The server has moved on; the page needs a fresh start.